Map: Cactus Valley LE (Void)

Players

ReiGN

  • Race: Protoss Protoss
  • Spawn Location: 1:00

Ryung - Winner!

  • Race: Terran Terran
  • Spawn Location: 5:00

Event: IEM XI Katowice - World Championship 2017

VOD

Have the link to the VOD?

Description

Time

  • Played on: Feb. 28, 2017, 8:41 a.m.
  • Length: 4:41

All games in this series

Show
View Real Time Build Order
Export as new Build Order

ReiGN Protoss 

Build Orders:  

Get SALT Encoding   

  12  0:00  Probe (Chrono Boost)  
  13  0:11  Probe (Chrono Boost)  
  14  0:18  Pylon  
  14  0:22  Probe (Chrono Boost)  
  15  0:37  Probe (Chrono Boost)  
  15  0:41  Gateway  
  16  0:45  Assimilator  
  16  0:48  Probe (Chrono Boost)  
  17  0:58  Probe (Chrono Boost)  
  18  1:09  Probe (Chrono Boost)  
  18  1:10  Pylon  
  19  1:20  Probe (Chrono Boost)  
  20  1:29  Cybernetics Core  
  20  1:30  Probe (Chrono Boost)  
  21  1:35  Zealot  
  23  1:41  Pylon, Probe (Chrono Boost)  
  24  1:51  Probe (Chrono Boost)  
  25  2:07  Mothership Core (Chrono Boost)  
  27  2:12  Adept  
  29  2:22  Nexus  
  30  2:30  Probe (Chrono Boost)  
  30  2:34  Pylon  
  30  2:36  Assimilator  
  30  3:04  Probe (Chrono Boost)  
  29  3:15  Probe (Chrono Boost)  
  30  3:26  Probe (Chrono Boost)  
  31  3:31  Stargate  
  30  3:35  Adept, Probe (Chrono Boost)  
  30  3:37  Pylon  
  30  3:38  Probe (Chrono Boost)  
  33  3:47  Probe (Chrono Boost)  
  33  3:50  Probe (Chrono Boost)  
  33  3:59  Probe (Chrono Boost)  
  32  4:12  Probe (Chrono Boost)  
  32  4:15  Probe (Chrono Boost)  
  34  4:23  Gateway  
  39  4:24  Probe (Chrono Boost)  
  39  4:25  Gateway  
Show
View Real Time Build Order
Export as new Build Order

Ryung Terran - Winner!

Build Orders: Cyclone Opening, Reaper Expand 

Get SALT Encoding   

  12  0:01  SCV  
  13  0:13  SCV  
  14  0:17  Supply Depot  
  14  0:25  SCV  
  14  0:28  Refinery  
  15  0:39  SCV  
  16  0:44  Barracks  
  16  0:51  SCV  
  17  1:03  SCV  
  18  1:15  SCV  
  19  1:33  Orbital Command  
  19  1:34  Reaper  
  20  1:49  Command Center  
  20  1:59  Factory  
  20  2:02  SCV  
  20  2:07  Refinery  
  21  2:10  Barracks Reactor  
  21  2:14  SCV  
  22  2:20  Supply Depot  
  22  2:26  SCV  
  23  2:43  Cyclone  
  26  2:48  Marine x2  
  27  2:51  SCV  
  27  3:03  Starport  
  27  3:04  Orbital Command  
  27  3:06  SCV  
  27  3:11  Marine x2  
  30  3:22  Widow Mine  
  30  3:24  SCV  
  33  3:29  Marine x2  
  33  3:32  SCV  
  36  3:36  SCV  
  37  3:43  Medivac  
  37  3:44  SCV  
  37  3:48  SCV, Orbital Command  
  41  3:51  Supply Depot  
  41  4:01  Widow Mine  
  41  4:02  SCV  
  45  4:05  Marine  
  45  4:07  Marine  
  46  4:12  Supply Depot  
  46  4:16  SCV x2  
  48  4:23  Marine  
  48  4:24  Supply Depot  
  52  4:37  Supply Depot  
  53  4:39  Barracks  

Tags
 
Add a new tag
Caveats
  • Supply blocks, unpowered buildings, or Contaminate may cause inaccurate times.
  • Supply counts are checked every 10 seconds.